 Dungeon Crawl Stone Soup version 0.19.4 (webtiles) character file.

9896 reezer the Grappler (level 11, -17/101 HPs)
             Began as a Troll Berserker on Feb 2, 2017.
             Was a High Priest of Trog.
             Killed from afar by an ogre mage (30 damage)
             ... with a bolt of lightning
             ... on level 2 of the Orcish Mines.
             The game lasted 00:44:25 (7208 turns).

reezer the Grappler (Troll Berserker)               Turns: 7208, Time: 00:44:25

Health: -17/101    AC: -10   Str: 31    XL:     11   Next: 29%
Magic:  10/10      EV: 13    Int:  3    God:    Trog [*****.]
Gold:   59         SH:  0    Dex: 11    Spells: 0 memorised, 10 levels left

rFire  . . .     SeeInvis .       - Unarmed
rCold  . . .     Gourm    +     A - +1 robe
rNeg   . . .     Faith    .     (no shield)
rPois  .         Spirit   .     (helmet restricted)
rElec  .         Reflect  .     (no cloak)
rCorr  .         Harm     .     (gloves unavailable)
MR     .....                    (boots unavailable)
Stlth  ++........               (no amulet)
                                e - +3 ring of strength
                                i - +4 ring of protection

@: exhausted, about to teleport, corroded, slowed, drained, very slow
A: unfitting armour, claws 3, fast metabolism 3, gourmand, regeneration 1,
shaggy fur 1, tough skin 2
a: Berserk, Trog's Hand, Brothers in Arms, Burn Spellbooks, Renounce Religion


You were on level 2 of the Orcish Mines.
You worshipped Trog.
Trog was extremely pleased with you.
You were very full.

You visited 2 branches of the dungeon, and saw 11 of its levels.
You also visited: Sewer.

You collected 852 gold pieces.
You spent 793 gold pieces at shops.

Inventory:

Armour
 a - a +0 animal skin
 s - +0 ice dragon scales
 A - a +1 robe (worn)
 C - +0 mottled dragon scales
 J - a +1 robe of the Archmagi
 K - a +2 robe of resistance
 L - a +1 robe of magic resistance
 M - a +2 robe
Jewellery
 e - a +3 ring of strength (right claw)
 i - a +4 ring of protection (left claw)
 u - an uncursed ring of protection from cold
 z - an uncursed ring of protection from fire
Wands
 o - a wand of disintegration (22/24)
 x - a wand of lightning (5/15)
 y - a wand of disintegration (9/24)
 E - a wand of paralysis (8/24)
Scrolls
 d - 6 scrolls of remove curse
 h - a scroll of brand weapon
 j - a scroll of recharging
 p - 2 scrolls of teleportation
 v - 4 scrolls of enchant armour
 w - a scroll of enchant weapon
 G - 2 scrolls of identify
 H - a scroll of magic mapping
Potions
 c - 4 potions of heal wounds
 g - 11 potions of curing
 l - 3 potions of agility
 m - a potion of mutation
 n - 2 potions of might
 r - 2 potions of haste
 t - a potion of invisibility
 B - 2 potions of resistance
 D - a potion of magic
 F - a potion of berserk rage {unknown}
 I - 3 potions of flight
Comestibles
 b - 11 bread rations
 f - 6 beef jerkies
 k - 30 chunks of flesh
 q - 6 meat rations


   Skills:
 + Level 4.8(4.6) Fighting
 + Level 0.2(0.0) Armour
 + Level 7.1(6.8) Dodging
 + Level 3.3(3.0) Stealth
 + Level 13.8(13.5) Unarmed Combat


You had 10 spell levels left.
You didn't know any spells.

Dungeon Overview and Level Annotations

Branches:
Dungeon (9/15)             Temple (0/1) D:6             Orc (2/2) D:9
   Lair: D:8-11         Elf: Orc:2

Altars:
Ashenzari
Elyvilon
Kikubaaqudgha
Makhleb
Okawaru
Qazlal
Ru
Uskayaw
Xom
Yredelemnul
The Shining One

Shops:
D:4 =:}(   D:5 }   D:9 [   Orc:1 !   Orc:2 [[?(


Innate Abilities, Weirdness & Mutations

You are too large for most types of armour.
You have claws for hands.
Your metabolism is lightning-fast.
You like to eat raw meat.
Your natural rate of healing is unusually fast.
You are covered in fur. (AC +1)
You have very tough skin. (AC +2)


Message History

The rust devil hits you.
* * * LOW HITPOINT WARNING * * *
The rust devil corrodes you!
The orc sorcerer casts a spell.
The rust devil barely misses you.
You can move again.
An orc wizard comes into view. It is wielding a dagger.
You feel much better.
The orc wizard shouts!
The orc wizard casts a spell.
The orc wizard blinks!
The rust devil hits you!
* * * LOW HITPOINT WARNING * * *
The rust devil corrodes you! The rust devil hits you.
* * * LOW HITPOINT WARNING * * *
The rust devil corrodes you!
As you read the scroll of teleportation, it crumbles to dust.
You feel strangely unstable. The ogre mage casts a spell at you.
The bolt of lightning hits you!
You die...

+..§§§§)))....#
.....#..§§§.§.§≈≈..##
....#####≈..#####.∩#≈§
....#####≈...≈§≈..##≈≈
O....≈≈§#§........#≈§≈
.§....#≈......###§##
≈.o.8#≈..)####≈≈§## #..
#O4.#≈..[.≈≈≈≈≈≈§§ +..≈
#@o.#≈.)..........
+..≈##4.∩#≈..8).)).....
+..≈##)..#≈...§§§.§§§..
#..≈##...#≈...)§§§≈§§§≈
#..§≈...8#§...####≈≈≈##
##........#≈......###≈##
##......≈≈≈#§§.......#≈§≈
##......#####≈..)≈≈≈..##≈§
##.....).#####≈.)#####.∩#≈≈


You could see an ogre mage, 2 rust devils, an orc sorcerer and an orc wizard.

Vanquished Creatures
  The ghost of baghtru the Cleaver, a novice HOFi of the Shining One (D:9)
  2 ogre magi (Orc:2)
  Pikel (D:5)
  5 orc sorcerers
  Prince Ribbit (D:6)
  A hippogriff (D:7)
  A hungry ghost (D:9)
  A warg (Orc:2)
  Menkaure (D:7)
  A water moccasin (D:7)
  5 orc warriors
  A slave (D:5)
  A hornet zombie (D:9)
  A phantom (D:5)
  2 black bears
  A sky beast (D:5)
  A centaur (D:8)
  7 ogres
  A crocodile (D:9)
  5 big kobolds
  4 bullfrogs
  A scorpion (D:5)
  3 wights (D:8)
  A howler monkey (D:9)
  5 crimson imps
  A centaur zombie (D:9)
  2 bullfrog skeletons (D:5)
  5 hounds
  12 orc priests
  3 jellies
  18 orc wizards
  2 centaur skeletons
  7 worker ants
  3 iguanas
  3 hound zombies
  A hound skeleton (D:7)
  A worker ant zombie (D:7)
  7 gnolls
  A howler monkey skeleton (D:8)
  13 adders
  7 river rats (Sewer)
  A shadow imp (D:8)
  3 adder skeletons
  An adder zombie (D:8)
  3 worms
  2 dart slugs
  5 leopard geckos
  30 orcs
  6 giant cockroaches
  4 goblins
  A hobgoblin (D:1)
  8 jackals
  27 kobolds
  A quokka (D:9)
  3 ball pythons (Sewer)
  9 bats
  10 frilled lizards
  A jackal skeleton (D:5)
  A leopard gecko skeleton (D:8)
  A quokka skeleton (D:7)
  22 rats
  2 plants (D:5)
281 creatures vanquished.

Vanquished Creatures (collateral kills)
  An ogre (D:7)
1 creature vanquished.

Grand Total: 282 creatures vanquished

Notes
Turn   | Place    | Note
-------+----------+-------------------------------------------
     0 | D:1      | reezer the Troll Berserker began the quest for the Orb.
     0 | D:1      | Reached XP level 1. HP: 22/22 MP: 0/0
    82 | D:1      | Reached XP level 2. HP: 29/29 MP: 1/1
   624 | D:2      | You fall through a shaft!
   649 | D:3      | Reached ** piety under Trog
   649 | D:3      | Reached XP level 3. HP: 36/36 MP: 2/2
   670 | D:3      | Found a glowing drain.
   686 | Sewer    | Entered a sewer
   784 | Sewer    | Reached XP level 4. HP: 36/44 MP: 3/3
   810 | Sewer    | Noticed a big kobold
   810 | Sewer    | Noticed a big kobold
   820 | Sewer    | Killed a big kobold
   820 | Sewer    | Reached skill level 4 in Unarmed Combat
   822 | Sewer    | Killed a big kobold
   822 | Sewer    | Reached XP level 5. HP: 33/52 MP: 4/4
   925 | Sewer    | Reached skill level 5 in Unarmed Combat
   981 | Sewer    | Reached XP level 6. HP: 48/59 MP: 5/5
   987 | Sewer    | Reached *** piety under Trog
  1761 | D:3      | Reached skill level 6 in Unarmed Combat
  1764 | D:3      | Reached **** piety under Trog
  2021 | D:4      | Found Marhonisk's Gadget Emporium.
  2075 | D:4      | Found Boumepn's Book Boutique.
  2101 | D:4      | Found Ugafapt's Jewellery Shop.
  2124 | D:4      | Reached XP level 7. HP: 61/67 MP: 6/6
  2265 | D:4      | Found Foahyoma's Weapon Emporium.
  2502 | D:5      | Entered Level 5 of the Dungeon
  2602 | D:5      | Reached skill level 7 in Unarmed Combat
  2603 | D:5      | Found Agefed Wuu's Gadget Shoppe.
  2853 | D:5      | Reached skill level 5 in Dodging
  2853 | D:5      | Reached skill level 1 in Stealth
  3083 | D:5      | Noticed Pikel
  3094 | D:5      | Killed Pikel
  3094 | D:5      | Reached skill level 8 in Unarmed Combat
  3094 | D:5      | Reached XP level 8. HP: 75/75 MP: 7/7
  3135 | D:5      | Found a shimmering altar of Xom.
  3137 | D:5      | Found an iron altar of Okawaru.
  3137 | D:5      | Found a glowing golden altar of the Shining One.
  3139 | D:5      | Found a basalt altar of Yredelemnul.
  3139 | D:5      | Found a burning altar of Makhleb.
  3139 | D:5      | Found a sacrificial altar of Ru.
  3388 | D:6      | Found a staircase to the Ecumenical Temple.
  3448 | D:6      | Noticed Prince Ribbit
  3477 | D:6      | Killed Prince Ribbit
  3477 | D:6      | Reached skill level 9 in Unarmed Combat
  3569 | D:6      | Found a burning altar of Makhleb.
  3824 | D:6      | Reached XP level 9. HP: 84/84 MP: 8/8
  4096 | D:7      | Reached ***** piety under Trog
  4223 | D:7      | Reached skill level 10 in Unarmed Combat
  4291 | D:7      | Noticed Menkaure
  4303 | D:7      | Killed Menkaure
  4396 | D:7      | Found a hide-covered altar of Uskayaw.
  4408 | D:7      | Found a white marble altar of Elyvilon.
  4480 | D:7      | Found a shattered altar of Ashenzari.
  4492 | D:7      | Found a stormy altar of Qazlal.
  4746 | D:8      | Reached skill level 11 in Unarmed Combat
  5682 | D:9      | Reached XP level 10. HP: 89/92 MP: 9/9
  5921 | D:9      | Found Satuotij's Armour Emporium.
  5996 | D:9      | Noticed baghtru's ghost (novice HOFi)
  6282 | D:9      | Killed baghtru's ghost
  6282 | D:9      | Reached skill level 12 in Unarmed Combat
  6306 | D:9      | Found a staircase to the Orcish Mines.
  6324 | Orc:1    | Entered Level 1 of the Orcish Mines
  6329 | Orc:1    | Noticed an orc sorcerer
  6333 | Orc:1    | Noticed a sixfirhy
  6345 | Orc:1    | Killed an orc sorcerer
  6516 | Orc:1    | Found a burning altar of Makhleb.
  6614 | Orc:1    | Found Rauphu Hyde's Distillery.
  6622 | Orc:1    | Bought a potion of resistance for 170 gold pieces
  6622 | Orc:1    | Bought a potion of flight for 51 gold pieces
  6622 | Orc:1    | Bought a potion of might for 68 gold pieces
  6622 | Orc:1    | Bought a potion of curing for 51 gold pieces
  6744 | Orc:2    | Entered Level 2 of the Orcish Mines
  6750 | Orc:2    | Received a gift from Trog
  6811 | Orc:2    | Found Urumojacev's Antique Armour Shoppe.
  6994 | Orc:2    | Noticed an orc sorcerer
  7007 | Orc:2    | Killed an orc sorcerer
  7007 | Orc:2    | Reached skill level 13 in Unarmed Combat
  7020 | Orc:2    | Noticed an ogre mage
  7034 | Orc:2    | Noticed an orc sorcerer
  7035 | Orc:2    | Found Sodydoox's Magic Scroll Boutique.
  7038 | Orc:2    | Killed an orc sorcerer
  7060 | Orc:2    | Killed an ogre mage
  7060 | Orc:2    | Reached XP level 11. HP: 41/101 MP: 8/10
  7069 | Orc:2    | Bought a scroll of identify for 26 gold pieces
  7069 | Orc:2    | Bought a scroll of teleportation for 39 gold pieces
  7069 | Orc:2    | Bought a scroll of identify for 26 gold pieces
  7069 | Orc:2    | Bought a scroll of identify for 26 gold pieces
  7069 | Orc:2    | Bought a scroll of magic mapping for 45 gold pieces
  7069 | Orc:2    | Bought a scroll of remove curse for 39 gold pieces
  7069 | Orc:2    | Bought a scroll of identify for 26 gold pieces
  7069 | Orc:2    | Bought a scroll of teleportation for 39 gold pieces
  7129 | Orc:2    | Found Awkaf's Antique Weapon Shop.
  7160 | Orc:2    | Found an ancient bone altar of Kikubaaqudgha.
  7160 | Orc:2    | Noticed an ogre mage
  7161 | Orc:2    | Noticed an orc sorcerer
  7170 | Orc:2    | Killed an ogre mage
  7172 | Orc:2    | Killed an orc sorcerer
  7179 | Orc:2    | Found Sumuogua's Antique Armour Boutique.
  7190 | Orc:2    | Noticed an orc sorcerer
  7191 | Orc:2    | Noticed an orc sorcerer
  7192 | Orc:2    | Noticed an ogre mage
  7192 | Orc:2    | Bought a runed robe for 187 gold pieces
  7193 | Orc:2    | Paralysed by an orc sorcerer for 2 turns
  7196 | Orc:2    | Killed an orc sorcerer
  7200 | Orc:2    | Paralysed by an orc sorcerer for 7 turns
  7204 | Orc:2    | HP: 5/101 [rust devil[an orc sorcerer] (8)]
  7205 | Orc:2    | HP: 2/101 [rust devil[an orc sorcerer] (3)]
  7208 | Orc:2    | Killed from afar by an ogre mage

Skill      XL: |  1  2  3  4  5  6  7  8  9 10 11 |
---------------+----------------------------------+-----
Dodging        | 3 4 5 6 7 |  7.1
Unarmed Combat | 4 5 6 8 9 11 13 | 13.8
Fighting       | 3 4 |  4.8
Stealth        | 1 2 3 |  3.3
Armour         | |  0.2

Action                   |  1- 3 |  4- 6 |  7- 9 | 10-12 || total
-------------------------+-------+-------+-------+-------++-------
Melee: Unarmed           |   102 |   171 |   275 |   183 ||   731
       Punch             |     2 |     3 |    15 |    16 ||    36
Invok: Berserk           |     2 |     4 |     8 |     9 ||    23
       Trog's Hand       |       |       |     1 |     2 ||     3
  Use: Potion            |       |     4 |       |     4 ||     8
       Scroll            |       |       |    22 |     5 ||    27
 Stab: Sleeping          |       |       |     7 |       ||     7
  Eat: Chunk             |    15 |    16 |    31 |    23 ||    85
       Royal jelly       |       |       |       |     2 ||     2
       Bread ration      |       |       |       |     1 ||     1
       Pizza             |       |       |       |     1 ||     1
       Beef jerky        |       |       |       |     1 ||     1
Armor: Animal skin       |    53 |    87 |     2 |       ||   142
       Robe              |       |       |    75 |    71 ||   146
       Skin              |       |       |     5 |       ||     5
       Mottled dragon sc |       |       |     3 |       ||     3
Dodge: Dodged            |    78 |   110 |   123 |    75 ||   386
